 Dungeon Crawl Stone Soup version 0.30-a0-424-g7412bad402 (webtiles) character file.

Game seed: 2500248048374066094

143 AigisTheKnight the Firebug (level 5, 0/41 HPs)
             Began as a Draconian Fire Elementalist on Dec 10, 2022.
             Succumbed to an adder's poison
             ... on level 3 of the Dungeon.
             The game lasted 00:04:04 (2291 turns).

AigisTheKnight the Firebug (DrFE)                   Turns: 2291, Time: 00:04:04

Health: 0/41       AC:  5    Str:  8    XL:     5   Next: 4%
Magic:  1/9        EV: 12    Int: 18    God:
Gold:   81         SH:  0    Dex: 11    Spells: 8/9 levels left

rFire   . . .      SeeInvis .    n - +1 hand axe (vorpal)
rCold   . . .      Faith    .    (no shield)
rNeg    . . .      Spirit   .    (body armour unavailable)
rPois   .          Reflect  .    (helmet restricted)
rElec   .          Harm     .    (no cloak)
rCorr   .          Rampage  .    (no gloves)
Will    .....                    (no boots)
Stlth   ++........               (no amulet)
HPRegen 0.26/turn                (no ring)
MPRegen 0.11/turn                (no ring)

@: brilliant, lethally poisoned (0 -> -2)
A: AC +5, unfitting armour, cold-blooded, weak 1, evolution 1
a: no special abilities


You were on level 3 of the Dungeon.
You visited 1 branch of the dungeon, and saw 3 of its levels.

You collected 81 gold pieces.

Inventory:

Hand Weapons
 f - a +0 short sword
 n - a +1 vorpal hand axe (weapon)
Jewellery
 e - an amulet of faith
Scrolls
 c - a scroll of vulnerability {unknown}
 d - a scroll of immolation {unknown}
 h - a scroll of amnesia {unknown}
 j - 2 scrolls of butterflies {unknown}
 k - a scroll of silence {unknown}
 l - a scroll of teleportation {unknown}
Potions
 a - a potion of magic
 m - a potion of lignification {unknown}


   Skills:
 + Level 1.9 Fighting
 + Level 2.6 Dodging
 + Level 2.8 Stealth
 + Level 2.7 Spellcasting
 - Level 1.0 Conjurations
 + Level 3.7 Fire Magic


You had 8 spell levels left.
You knew the following spells:

 Your Spells              Type           Power      Damage    Failure   Level
a - Foxfire               Conj/Fire      64%        2x1d7     6%          1

Your spell library contained the following spells:

 Spells                   Type           Power      Damage    Failure   Level
 Scorch                   Fire           46%        2d7       5%          2
 Magic Dart               Conj           36%        1d4       11%         1
 Inner Flame              Hex/Fire       13%        N/A       24%         3
 Call Imp                 Summ           3%         N/A       26%         2
 Kindle Blastsparks       Fire/Tloc/Air  20%        2d11      30%         3
 Mephitic Cloud           Conj/Pois/Air  5%         N/A       41%         3
 Vhi's Electric Charge    Tloc/Air       6%         N/A       45%         3
 Flame Wave               Conj/Fire      16%        2d7       54%         4
 Arcjolt                  Conj/Air       3%         1d13      98%         5
 Maxwell's Capacitive Co  Air            1%         ∞         100%        8


Dungeon Overview and Level Annotations

Branches:
Dungeon (3/15)

Altars:

Shops:
D:1 =?(*   D:3 (

Portals:
Sewer: D:3


Innate Abilities, Weirdness & Mutations

Your plain brown scales are hard. (AC +5)
You cannot fit into any form of body armour.
You are cold-blooded and may be slowed by cold attacks.
You are weak. (Str -2)
You have hidden genetic potential.


Message History

You feel very sick. The adder bites you but does no damage.
The adder bites you.
You are more poisoned.
The adder poisons you! The river rat bites you.
Casting: Foxfire (safe; 6% risk of failure)
Confirm with . or Enter, or press ? or * to list all spells.
You miscast Foxfire.
You are very lightly contaminated with residual magic.
Nothing appears to happen.
You feel sick. The adder barely misses you.
The river rat bites you but does no damage.
Unknown command.
Casting: Foxfire (safe; 6% risk of failure)
Confirm with . or Enter, or press ? or * to list all spells.
You conjure some foxfire!
You feel sick. The adder bites you but does no damage.
The river rat closely misses you. The adder bites you but does no damage.
Unknown command.
You barely miss the adder.
The adder is severely wounded.
You hit the river rat but do no damage.
You feel sick.
The foxfire hits the adder.
The adder is severely wounded.
The foxfire hits the river rat but does no damage.
The river rat is moderately wounded.
The adder bites you but does no damage. The river rat bites you.
* * * LOW HITPOINT WARNING * * *
Unknown command.
It was a potion of cancellation.
You feel magically purged.
Your magical contamination has completely faded away.
* * * LOW HITPOINT WARNING * * *
You feel sick. The adder barely misses you. The river rat barely misses you.
The adder barely misses you.
It was a potion of brilliance.
You feel clever all of a sudden.
* * * LOW HITPOINT WARNING * * *
You feel sick. The river rat closely misses you. The adder barely misses you.
It was a potion of mutation.
You feel extremely strange.
You feel weaker.
You feel a hidden potential growing inside you.
You die...

#.#######8.8.8
#.........⌠.⌠.
##†#######8.∩.8
##..# #.⌠.⌠.
#..## #8.8.8
#.## ######
##.# ##.†###
#@....#
#~Sr...#
#~~....#
#~~~~..#
#~~~~.##
#∩~~~~# #######


You could see an adder and a river rat.

Vanquished Creatures
  An ogre (D:3)
  An adder (D:3)
  2 worms (D:3)
  A dart slug (D:3)
  3 ball pythons
  2 bats
  5 endoplasms
  3 giant cockroaches
  7 goblins
  6 hobgoblins
  A quokka (D:1)
  6 frilled lizards
  4 kobolds
  2 rats
44 creatures vanquished.

Vanquished Creatures (others)
  157 foxfires
157 creatures vanquished.

Grand Total: 201 creatures vanquished

Notes
Turn   | Place    | Note
-------+----------+-------------------------------------------
     0 | D:1      | AigisTheKnight the Draconian Fire Elementalist began the
                  | quest for the Orb.
     0 | D:1      | Reached XP level 1. HP: 14/14 MP: 3/3
    29 | D:1      | Found Turruucy's Antique Weapon Shoppe.
   162 | D:1      | Found Livviatarr's General Store.
   278 | D:1      | Found Uzomu's Magic Scroll Shop.
   365 | D:1      | Reached XP level 2. HP: 20/20 MP: 0/5
   429 | D:1      | Found Asonwuq's Jewellery Shoppe.
  1126 | D:2      | Reached XP level 3. HP: 27/27 MP: 1/6
  1901 | D:3      | Found Oriw's Antique Weapon Boutique.
  2020 | D:3      | Noticed an ogre
  2033 | D:3      | Killed an ogre
  2034 | D:3      | Reached skill level 1 in Fighting
  2034 | D:3      | Reached XP level 4. HP: 36/36 MP: 0/8
  2155 | D:3      | Noticed an ogre
  2246 | D:3      | Found a glowing drain.
  2265 | D:3      | Reached XP level 5. HP: 34/41 MP: 2/9
  2289 | D:3      | HP: 2/41 [poisoned by an adder]
  2291 | D:3      | Gained mutation: You are weak. (Str -2) [potion of
                  | mutation]
  2291 | D:3      | Gained mutation: You have hidden genetic potential. [potion
                  | of mutation]
  2291 | D:3      | Succumbed to an adder's poison

Illustrated notes

Levels and vault maps discovered:
D:1:      dpeg_arrival_morbid_curiosity, layout_basic, serial_shops,
          nicolae_shop_stone, shop, shop_fountains, shop,
          nicolae_shop_hallway_plus, kennysheep_small_spiral
D:2:      layout_basic, supply_closet_lemuel, nicolae_kite_square_tiling_tiny,
          mrwooster_statue_mirror
D:3:      layout_basic, nicolae_sif_muna_little_library, trog_wizard,
          portal_sewer_entry_b, serial_shops, nicolae_shop_statue_plus, shop,
          nicolae_shop_temple_entry_statues_fountains,
          shapermc_ecumenical_altar_petra

Skill      XL: |  1  2  3 |
---------------+----------+-----
Stealth        | 2 |  2.8
Dodging        | 2 |  2.6
Fighting       | 1 |  1.9
Spellcasting   | |  2.7
Conjurations   | |  1.0
Fire Magic     | |  3.7

Action                   |  1- 3 |  4- 6 || total
-------------------------+-------+-------++-------
Melee: Unarmed           |    10 |       ||    10
       Short sword       |    15 |     8 ||    23
       Tailslap          |     4 |     1 ||     5
       Punch             |     1 |       ||     1
       Hand axe          |       |     6 ||     6
 Cast: Foxfire           |    81 |    26 ||   107
  Use: Potion            |       |     3 ||     3
 Stab: Sleeping          |     1 |     1 ||     2
Armor: Skin              |     8 |    11 ||    19
Dodge: Dodged            |    22 |    18 ||    40

Table legend: (Time is in decaauts)
 A = Elapsed time spent in this place.
 B = Non-inter-level travel time spent in this place.
 C = Inter-level travel time spent in this place.
 D = Time resting spent in this place.
 E = Time spent auto-exploring this place.
 F = Levels seen in this place.
 G = Mean time per level.
                   A        B        C        D        E       F      G
               +--------+--------+--------+--------+--------+-----+--------+
         Total |   2293 |   2230 |     63 |      0 |   1834 |   3 |  764.3 |
       Dungeon |   2293 |   2230 |     63 |      0 |   1834 |   3 |  764.3 |
               +--------+--------+--------+--------+--------+-----+--------+

Top non-repeatable levels by time:
     D:2: 1158 daAuts
     D:1: 766 daAuts
     D:3: 368 daAuts
